[Event "Gibraltar Masters 18th"]
[Site "Gibraltar"]
[Date "2020.01.27"]
[Round "7.53"]
[White "Kosteniuk, Alexandra"]
[Black "Vega Gutierrez, Sabrina"]
[Result "1/2-1/2"]
[ECO "D31"]
[WhiteElo "2504"]
[BlackElo "2364"]
[PlyCount "112"]
[EventDate "2020.01.21"]
[EventType "swiss"]
[EventRounds "10"]
[EventCountry "GGB"]
[SourceTitle "BritBase"]
[Source "John Saunders"]
[SourceDate "2021.06.05"]
[SourceVersion "1"]
[SourceVersionDate "2021.06.05"]
[SourceQuality "1"]
[TimeControl "40/100:0"]
[WhiteClock "0:41:16"]
[BlackClock "0:23:37"]

1. d4 d5 2. c4 e6 3. Nc3 c6 4. e4 dxe4 5. Nxe4 Bb4+ 6. Nc3 e5 7. Be3 Qa5 8. Nge2 Nf6 9. dxe5 Qxe5 10. a3 Bc5 11. Bf4 Ne4 12. Nxe4 Qxe4 13. f3 Qe6 14. Qd3 O-O 15. O-O-O Nd7 16. Nd4 Qf6 17. Qe3 a5 18. g4 a4 19. g5 Qd8 20. Bd3 Re8 21. Be4 Nf8 22. Qc3 Qb6 23.
Be3 Ne6 24. h4 Nxd4 25. Bxd4 Bxd4 26. Qxd4 Qxd4 27. Rxd4 Ra5 28. Kd2 Bf5 29. Re1 Kf8 30. Bxf5 Rxe1 31. Kxe1 Rxf5 32. f4 Ke7 33. Ke2 h6 34. Kf3 hxg5 35. hxg5 g6 36. Ke3 f6 37. gxf6+ Rxf6 38. c5 Rf5 39. Rb4 Ke6 40. Rxb7 Rxc5 41. Rb4 Rb5 42. Rxa4 Rxb2 43. Re4+ Kf6 44. a4 Ra2 45. Kd3 Kf5 46. Rc4 Ke6 47. Rxc6+ Kd5 48. Ra6 Ra3+ 49. Kc2 Rf3 50. Rf6 Ra3 51. Ra6 Rf3 52. Rxg6 Rxf4 53. a5 Kc5 54. a6 Kb5 55. Kb3 Rf3+ 56. Kb2 Rf2+ 1/2-1/2

[Event "Gibraltar Masters 18th"]
[Site "Gibraltar"]
[Date "2020.01.27"]
[Round "7.54"]
[White "Petrov, Martin"]
[Black "Shachar, Ehud"]
[Result "1-0"]
[ECO "D30"]
[WhiteElo "2504"]
[BlackElo "2363"]
[PlyCount "103"]
[EventDate "2020.01.21"]
[EventType "swiss"]
[EventRounds "10"]
[EventCountry "GGB"]
[SourceTitle "BritBase"]
[Source "John Saunders"]
[SourceDate "2021.06.05"]
[SourceVersion "1"]
[SourceVersionDate "2021.06.05"]
[SourceQuality "1"]
[TimeControl "40/100:0"]
[WhiteClock "0:13:41"]
[BlackClock "0:29:01"]

1. d4 e6 2. c4 d5 3. Nf3 Nf6 4. e3 Be7 5. Bd3 a6 6. b3 c5 7. O-O Nc6 8. Bb2 O-O 9. Nbd2 b6 10. Rc1 cxd4 11. exd4 dxc4 12. bxc4 Bb7 13. Bb1 Rc8 14. Qb3 Re8 15. Rfd1 g6 16. Bc3 Nb8 17. Ne5 Nbd7 18. Ndf3 Bxf3 19. Nxf3 Qc7 20. Bb2 Nh5 21. g3 Bf6 22. Nd2 Bg7 23. f4 Nhf6 24. Nf3 Qb7 25. a4 Ne4 26. Ne5 Nxe5 27. fxe5 Ng5 28. h4 Nh3+ 29. Kh2 Nf2 30. Rf1 Ng4+ 31. Kh3 h5 32. Rf3 Red8 33. c5 Bxe5 34. c6 Qc7 35. dxe5 Rd2 36. Rc2 Rcd8 37. Bc1 Rd1 38. Kg2 Qxe5 39. c7 Rc8 40. Qc3 Qd5 41. Ba2 Qe4 42. Bf4 Kh7 43. Qc4 Qb7 44. Qc6 Qxc6 45. Rxc6 Rd4 46. Rd6 Rxa4 47. Bb3 Rxf4 48. Rxf4 Rxc7 49. Rxb6 Ne3+ 50. Kf2 Nf5 51. Rc4 Rd7 52. Bc2 1-0

[Event "Gibraltar Masters 18th"]
[Site "Gibraltar"]
[Date "2020.01.27"]
[Round "7.55"]
[White "Gschnitzer, Oswald"]
[Black "Di Berardino, Diego Rafael"]
[Result "0-1"]
[ECO "A34"]
[WhiteElo "2361"]
[BlackElo "2478"]
[PlyCount "150"]
[EventDate "2020.01.21"]
[EventType "swiss"]
[EventRounds "10"]
[EventCountry "GGB"]
[SourceTitle "BritBase"]
[Source "John Saunders"]
[SourceDate "2021.06.05"]
[SourceVersion "1"]
[SourceVersionDate "2021.06.05"]
[SourceQuality "1"]
[TimeControl "40/100:0"]
[WhiteClock "0:04:08"]
[BlackClock "0:02:44"]

1. Nf3 c5 2. c4 Nf6 3. Nc3 d5 4. cxd5 Nxd5 5. d4 Nxc3 6.
bxc3 g6 7. Bf4 Bg7 8. e3 O-O 9. Bd3 Nc6 10. O-O Bg4 11. Be4 Qd7 12. Qb3 Rac8 13. Rfd1 cxd4 14. cxd4 b6 15. Rac1 Bf5 16. Bxf5 Qxf5 17. h3 Rfd8 18. Bg3 Bf6 19. Qa4 Qd5 20. Qa6 Qd7 21. Qb5 e6 22. Rc4 Qd5 23. Qa6 Qa5 24. Qb7 Ne7 25. Rxc8 Rxc8 26. Be5 Bxe5 27. Nxe5 Qa3 28. Rd3 Qc1+ 29. Kh2 Qc7 30. Qf3 Nf5 31. g3 Kg7 32. Qe2 Qc2 33. Rd2 Qe4 34. Qf3 Nd6 35. Kg2 Rc1 36. Rb2 f6 37. Qxe4 Nxe4 38. Nd3 Rc3 39. Ne1 Ra3 40. Nc2 Rc3 41. Ne1 Ra3 42. Nc2 Ra4 43. Kf3 Nc3 44. a3 Rc4 45. Nb4 Kf7 46. Nd3 Ke7 47. Rb4 Rxb4 48. Nxb4 a5 49. Nc2 f5 50. Kf4 Kf6 51. h4 b5 52. g4 Nd5+ 53.
Kf3 fxg4+ 54. Kxg4 h5+ 55. Kg3 b4 56. axb4 Nxb4 57. Na3 Nd5 58.
e4 Nb4 59. Kf4 Nd3+ 60. Ke3 Ne1 61. Kf4 a4 62. d5 exd5 63.
exd5 Nd3+ 64. Ke3 Nc5 65. Kf4 Nd3+ 66. Ke3 Ne5 67. Kf4 Nf7 68. Ke4 Nd6+ 69. Kd4 Nf5+ 70. Kc5 g5 71. hxg5+ Kxg5 72. Nc2 h4 73. Ne3 h3 74. Nxf5 Kxf5 75. d6 Ke6 0-1

[Event "Gibraltar Masters 18th"]
[Site "Gibraltar"]
[Date "2020.01.27"]
[Round "7.56"]
[White "Roussel-Roozmon, Thomas"]
[Black "Petrov, Vladimir Sergeev"]
[Result "1/2-1/2"]
[ECO "A34"]
[WhiteElo "2473"]
[BlackElo "2353"]
[PlyCount "93"]
[EventDate "2020.01.21"]
[EventType "swiss"]
[EventRounds "10"]
[EventCountry "GGB"]
[SourceTitle "BritBase"]
[Source "John Saunders"]
[SourceDate "2021.06.05"]
[SourceVersion "1"]
[SourceVersionDate "2021.06.05"]
[SourceQuality "1"]
[TimeControl "40/100:0"]
[WhiteClock "0:29:45"]
[BlackClock "1:12:12"]

1. Nf3 Nf6 2. c4 c5 3. Nc3 Nc6 4. g3 d5 5. d4 cxd4 6. Nxd4 e5 7. Nxc6 bxc6 8. Bg2 Rb8 9. Bg5 Be7 10. Bxf6 Bxf6 11. cxd5 Rxb2 12. O-O cxd5 13. Qa4+ Qd7 14. Qa3 Rd2 15. Qc1 Rd4 16. Nxd5 O-O 17. Rd1 Rxd1+ 18. Qxd1 Bd8 19. Qb3 Qe6 20. Rc1 e4 21. e3 Ba6 22. Nb4 Qxb3 23. axb3 Bb7 24. Nc6 Bxc6 25. Rxc6 f5 26. Bf1 g6 27. Bc4+ Kg7 28. Rd6 Bb6 29. Rd7+ Kh6 30. h4 Rd8 31. Re7 Bc5 32. Rc7 Bb6 33. Re7 Bc5 34. Rb7 Re8 35. Rc7 Bb6 36. Rb7 Rc8 37. Rd7 Rc7 38. Rd6 Kg7 39. h5 Bc5 40. Re6 Kh6 41. hxg6 hxg6 42. Kg2 a5 43. g4 Kg5 44. gxf5 gxf5 45. Re5 Bb4 46. Rb5 Rc5 47. Rxc5 1/2-1/2

[Event "Gibraltar Masters 18th"]
[Site "Gibraltar"]
[Date "2020.01.27"]
[Round "7.57"]
[White "Stefanova, Antoaneta"]
[Black "Bellon Lopez, Juan Manuel"]
[Result "1-0"]
[ECO "A50"]
[WhiteElo "2469"]
[BlackElo "2348"]
[PlyCount "67"]
[EventDate "2020.01.21"]
[EventType "swiss"]
[EventRounds "10"]
[EventCountry "GGB"]
[SourceTitle "BritBase"]
[Source "John Saunders"]
[SourceDate "2021.06.05"]
[SourceVersion "1"]
[SourceVersionDate "2021.06.05"]
[SourceQuality "1"]
[TimeControl "40/100:0"]

1. d4 Nf6 2. c4 a6 3. Nc3 c5 4. dxc5 e5 5. Be3 Ng4 6. Qd2 Nc6 7. Nf3 f6 8. Ne4 b5 9. Rc1 Bb7 10. Nd6+ Bxd6 11. cxd6 Nxe3 12. fxe3 bxc4 13. Rxc4 a5 14. g3 Qb6 15. Bh3 Nb4 16. a3 Nd5 17. e4 Qb5 18. Qd3 Ba6 19. b3 Nb6 20.
a4 Nxa4 21. Rxa4 Qb6 22. Qd2 Bb5 23. Ra2 O-O 24. e3 Bc6 25.
Kf2 Qxb3 26. Rc1 Bxe4 27. Bxd7 Rad8 28. Rb2 Qf7 29. Bc6 f5 30. Kg1 Qf6 31. Bxe4 fxe4 32. Qd5+ Kh8 33. Nxe5 Rxd6 34. Nf7+ 1-0

[Event "Gibraltar Masters 18th"]
[Site "Gibraltar"]
[Date "2020.01.28"]
[Round "8.1"]
[White "Maghsoodloo, Parham"]
[Black "Wang, Hao"]
[Result "1/2-1/2"]
[ECO "E06"]
[WhiteElo "2674"]
[BlackElo "2758"]
[PlyCount "40"]
[EventDate "2020.01.21"]
[EventType "swiss"]
[EventRounds "10"]
[EventCountry "GGB"]
[SourceTitle "BritBase"]
[Source "John Saunders"]
[SourceDate "2021.06.05"]
[SourceVersion "1"]
[SourceVersionDate "2021.06.05"]
[SourceQuality "1"]
[TimeControl "40/100:0"]
[WhiteClock "1:11:33"]
[BlackClock "1:26:27"]

1. d4 Nf6 2. c4 e6 3. Nf3 d5 4. g3 Be7 5. Bg2 O-O 6. Nc3 dxc4 7. Ne5 Qd6 8.
O-O Qa6 9. a4 Nc6 10. Nb5 Nxe5 11. dxe5 Rd8 12. exf6 Rxd1 13. Rxd1 Bd6 14. Bf4 Qa5 15. Bd2 Qa6 16. Bc3 Qb6 17. Bd4 Qa5 18. Bc3 Qb6 19. Bd4 Qa5 20. Bc3 Qb6 1/2-1/2

[Event "Gibraltar Masters 18th"]
[Site "Gibraltar"]
[Date "2020.01.28"]
[Round "8.2"]
[White "Esipenko, Andrey"]
[Black "Paravyan, David"]
[Result "1/2-1/2"]
[ECO "A17"]
[WhiteElo "2654"]
[BlackElo "2629"]
[PlyCount "60"]
[EventDate "2020.01.21"]
[EventType "swiss"]
[EventRounds "10"]
[EventCountry "GGB"]
[SourceTitle "BritBase"]
[Source "John Saunders"]
[SourceDate "2021.06.05"]
[SourceVersion "1"]
[SourceVersionDate "2021.06.05"]
[SourceQuality "1"]
[TimeControl "40/100:0"]
[WhiteClock "0:27:51"]
[BlackClock "0:36:03"]

1. Nf3 Nf6 2. c4 c5 3. Nc3 d5 4. cxd5 Nxd5 5. e3 e6 6. Bc4 Be7 7. O-O O-O 8. Qe2 a6 9. d4 cxd4 10. exd4 Nc6 11. Rd1 b5 12. Nxd5 exd5 13. Bd3 Bg4 14. Be3 Nb4 15. h3 Bxf3 16. Qxf3 Nxd3 17. Rxd3 Rc8 18. Re1 Bb4 19. Re2 Re8 20. Bf4 Qf6 21. Re5 Bd6 22. Rxe8+ Rxe8 23. Bxd6 Qxd6 24. Re3 Rxe3 25. Qxe3 Kf8 26. Qc3 Ke7 27. Qc8 Qb6 28. Qc3 Qd6 29. Qc8 Qb6 30. Qc3 Qd6 1/2-1/2

[Event "Gibraltar Masters 18th"]
[Site "Gibraltar"]
[Date "2020.01.28"]
[Round "8.3"]
[White "Kobalia, Mikhail"]
[Black "Yuffa, Daniil"]
[Result "1/2-1/2"]
[ECO "B92"]
[WhiteElo "2609"]
[BlackElo "2566"]
[PlyCount "86"]
[EventDate "2020.01.21"]
[EventType "swiss"]
[EventRounds "10"]
[EventCountry "GGB"]
[SourceTitle "BritBase"]
[Source "John Saunders"]
[SourceDate "2021.06.05"]
[SourceVersion "1"]
[SourceVersionDate "2021.06.05"]
[SourceQuality "1"]
[TimeControl "40/100:0"]
[WhiteClock "0:04:24"]
[BlackClock "0:00:54"]

1. e4 c5 2. Nf3 d6 3. d4 cxd4 4. Nxd4 Nf6 5. Nc3 a6 6. Be2 e5 7. Nf3 Be7 8. Bg5 Be6 9. Bxf6 Bxf6 10. O-O Be7 11. Nd5 Nd7 12. Bc4 Rc8 13.
Qe2 O-O 14. Rfd1 Nb6 15. Bb3 Nxd5 16. Bxd5 Qb6 17. Bb3 Rc5 18. Ne1 Bxb3 19. axb3 f5 20. Nd3 Rcc8 21. Ra4 a5 22. exf5 Rxf5 23. Qe4 Rcf8 24. Rd2 Bd8 25. Qd5+ Kh8 26. h3 h6 27. b4 axb4 28. Rxb4 Qa5 29. Qxb7 d5 30. g4 R5f7 31. Qb5 Bc7 32. Kg2 Qa8 33. Nc5 Bd6 34. Ra4 Qc8 35. b4 e4 36. Ra6 Bxc5 37. bxc5 d4 38.
Qc6 Rc7 39. Qe6 e3 40. Qxc8 Rcxc8 41. fxe3 dxe3 42. Re2 Rxc5 43.
Ra3 Rfc8 1/2-1/2

[Event "Gibraltar Masters 18th"]
[Site "Gibraltar"]
[Date "2020.01.28"]
[Round "8.5"]
[White "Basso, Pier Luigi"]
[Black "Vachier-Lagrave, Maxime"]
[Result "1/2-1/2"]
[ECO "D92"]
[WhiteElo "2600"]
[BlackElo "2770"]
[PlyCount "62"]
[EventDate "2020.01.21"]
[EventType "swiss"]
[EventRounds "10"]
[EventCountry "GGB"]
[SourceTitle "BritBase"]
[Source "John Saunders"]
[SourceDate "2021.06.05"]
[SourceVersion "1"]
[SourceVersionDate "2021.06.05"]
[SourceQuality "1"]
[TimeControl "40/100:0"]
[WhiteClock "0:47:44"]
[BlackClock "0:58:53"]

1. d4 Nf6 2. c4 g6 3. Nc3 d5 4. Nf3 Bg7 5. Bf4 O-O 6. Rc1 Be6 7. e3 dxc4 8.
Ng5 Bd5 9. e4 h6 10. exd5 hxg5 11. Bxg5 Nxd5 12. Bxc4 Nb6 13.
Bb3 Nc6 14. d5 Nd4 15. O-O Qd7 16. h4 Rfe8 17. a4 Nxb3 18. Qxb3 Rad8 19. Rfd1 Bxc3 20. Rxc3 Qxa4 21. Qxa4 Nxa4 22. Rxc7 f6 23.
Bc1 Nb6 24. Rxb7 Rxd5 25. Rxd5 Nxd5 26. Rxa7 Rc8 27. Be3 Kf7 28. Ra1 Nxe3 29. fxe3 Rb8 30. Ra2 Rb4 31. g3 f5 1/2-1/2

[Event "Gibraltar Masters 18th"]
[Site "Gibraltar"]
[Date "2020.01.28"]
[Round "8.6"]
[White "Antipov, Mikhail Al."]
[Black "Topalov, Veselin"]
[Result "1/2-1/2"]
[ECO "B55"]
[WhiteElo "2562"]
[BlackElo "2738"]
[PlyCount "94"]
[EventDate "2020.01.21"]
[EventType "swiss"]
[EventRounds "10"]
[EventCountry "GGB"]
[SourceTitle "BritBase"]
[Source "John Saunders"]
[SourceDate "2021.06.05"]
[SourceVersion "1"]
[SourceVersionDate "2021.06.05"]
[SourceQuality "1"]
[TimeControl "40/100:0"]
[WhiteClock "0:13:02"]
[BlackClock "0:37:16"]

1. e4 c5 2. Nf3 d6 3. d4 cxd4 4. Nxd4 Nf6 5. f3 Nc6 6. c4 e6 7. Nc3 Be7 8. Be3 O-O 9. Qd2 d5 10. exd5 exd5 11. O-O-O Ne5 12. cxd5 Nxd5 13. Ndb5 Nxe3 14. Qxe3 Nd7 15. Nd5 Bc5 16. Qf4 Nb6 17. Ndc7 Qe7 18. Kb1 Be3 19. Qd6 Qxd6 20. Nxd6 Rb8 21. Bd3 Bf4 22. Be4 Rd8 23. Ncb5 a6 24. g3 Bg5 25. Nxc8 Rdxc8 26. Nd6 Rc7 27. Rhe1 g6 28. Bc2 Kf8 29. Bb3 Rd8 30. f4 Bf6 31. Ne4 Rxd1+ 32. Rxd1 Be7 33. Ng5 Bxg5 34. fxg5 Nc4 35. Rd4 Ne5 36. h4 Nc6 37. Rf4 Ne5 38.
a3 Kg7 39. Bd5 Rd7 40. Be4 b5 41. Kc2 Rc7+ 42. Kb3 a5 43. Ka2 Rd7 44. Bg2 Rd2 45. Bf1 Nd3 46. Bxd3 Rxd3 47. Re4 a4 1/2-1/2

[Event "Gibraltar Masters 18th"]
[Site "Gibraltar"]
[Date "2020.01.28"]
[Round "8.7"]
[White "Navara, David"]
[Black "Karthikeyan, Murali"]
[Result "1/2-1/2"]
[ECO "E06"]
[WhiteElo "2717"]
[BlackElo "2606"]
[PlyCount "62"]
[EventDate "2020.01.21"]
[EventType "swiss"]
[EventRounds "10"]
[EventCountry "GGB"]
[SourceTitle "BritBase"]
[Source "John Saunders"]
[SourceDate "2021.06.05"]
[SourceVersion "1"]
[SourceVersionDate "2021.06.05"]
[SourceQuality "1"]
[TimeControl "40/100:0"]
[WhiteClock "1:12:05"]
[BlackClock "0:17:51"]

1. Nf3 Nf6 2. c4 e6 3. g3 d5 4. Bg2 Be7 5. d4 O-O 6. Nc3 dxc4 7. Ne5 Nc6 8. Bxc6 bxc6 9. Nxc6 Qe8 10. Nxe7+ Qxe7 11. Qa4 c5 12. dxc5 Qxc5 13. Be3 Qc7 14. O-O-O Bb7 15. f3 Nd5 16. Bd4 Rfd8 17. Kb1 Nxc3+ 18. Bxc3 Qc5 19. Rxd8+ Rxd8 20. Rd1 Rxd1+ 21.
Qxd1 Qd5 22. Qxd5 Bxd5 23. Kc2 f6 24. Bd4 a6 25. Kc3 Bc6 26.
Kb4 Kf7 27. e4 e5 28. Be3 Bb5 29. f4 Ke6 30. Kc5 g6 31. h4 f5 1/2-1/2

[Event "Gibraltar Masters 18th"]
[Site "Gibraltar"]
[Date "2020.01.28"]
[Round "8.8"]
[White "Alekseenko, Kirill"]
[Black "Pichot, Alan"]
[Result "1/2-1/2"]
[ECO "C54"]
[WhiteElo "2704"]
[BlackElo "2606"]
[PlyCount "85"]
[EventDate "2020.01.21"]
[EventType "swiss"]
[EventRounds "10"]
[EventCountry "GGB"]
[SourceTitle "BritBase"]
[Source "John Saunders"]
[SourceDate "2021.06.05"]
[SourceVersion "1"]
[SourceVersionDate "2021.06.05"]
[SourceQuality "1"]
[TimeControl "40/100:0"]
[WhiteClock "0:31:43"]
[BlackClock "0:51:20"]

1. e4 e5 2. Nf3 Nc6 3. Bc4 Bc5 4. O-O Nf6 5. d3 d6 6. c3 a5 7. Bb3 O-O 8. Nbd2 h6 9. h3 Be6 10. Bc2 Ba7 11. Re1 Re8 12. Nf1 d5 13.
Ng3 dxe4 14. dxe4 Qxd1 15. Bxd1 Rab8 16. a4 Bc4 17. Nd2 Ba6 18. Be2 Bxe2 19. Rxe2 Red8 20. Kf1 Ne8 21. Nf5 h5 22. Nc4 g6 23. Nfe3 Nd6 24. Nxd6 Bxe3 25. Bxe3 Rxd6 26. Ree1 Rbd8 27. f3 f6 28. h4 Kf7 29. g3 Ke6 30. Ke2 R6d7 31. Rg1 Rb8 32. Rad1 Rbd8 33. Rd2 Ne7 34. Rxd7 Rxd7 35. g4 hxg4 36. fxg4 Nc8 37. h5 Nd6 38. Kf3 Rh7 39. hxg6 Rg7 40. Rh1 Rxg6 41. Rh8 Rg7 42. b3 Nf7 43. Rh1 1/2-1/2

[Event "Gibraltar Masters 18th"]
[Site "Gibraltar"]
[Date "2020.01.28"]
[Round "8.9"]
[White "Maze, Sebastien"]
[Black "Adams, Michael"]
[Result "1/2-1/2"]
[ECO "C77"]
[WhiteElo "2550"]
[BlackElo "2694"]
[PlyCount "78"]
[EventDate "2020.01.21"]
[EventType "swiss"]
[EventRounds "10"]
[EventCountry "GGB"]
[SourceTitle "BritBase"]
[Source "John Saunders"]
[SourceDate "2021.06.05"]
[SourceVersion "1"]
[SourceVersionDate "2021.06.05"]
[SourceQuality "1"]
[TimeControl "40/100:0"]
[WhiteClock "0:22:04"]
[BlackClock "0:02:58"]

1. e4 e5 2. Nf3 Nc6 3. Bb5 a6 4. Ba4 Nf6 5. Nc3 Bc5 6. Bxc6 dxc6 7. Nxe5 Bxf2+ 8. Kxf2 Qd4+ 9. Kf1 Qxe5 10. d3 Be6 11. Qf3 O-O-O 12. Bf4 Qa5 13. h3 Rhg8 14. Bh2 c5 15. Kf2 Qb6 16. Na4 Qb4 17. b3 Bd7 18. Rhb1 Bxa4 19. bxa4 Qxa4 20. Qf5+ Nd7 21. Kg1 f6 22. Kh1 g6 23. Qd5 Qc6 24. Qxc6 bxc6 25. c4 Rge8 26. Rb3 Ne5 27. Bxe5 Rxe5 28. Rf1 f5 29. exf5 gxf5 30. Ra3 Re2 31. Kg1 Rg8 32. Rf2 Re1+ 33. Kh2 Kb7 34. Rb2+ Ka7 35. Rab3 Re7 36. Rf2 Re3 37. Rfb2 Re7 38. Rf2 Re3 39. Rfb2 Re1 1/2-1/2

[Event "Gibraltar Masters 18th"]
[Site "Gibraltar"]
[Date "2020.01.28"]
[Round "8.10"]
[White "Studer, Noel"]
[Black "Cheparinov, Ivan"]
[Result "0-1"]
[ECO "E71"]
[WhiteElo "2546"]
[BlackElo "2686"]
[PlyCount "78"]
[EventDate "2020.01.21"]
[EventType "swiss"]
[EventRounds "10"]
[EventCountry "GGB"]
[SourceTitle "BritBase"]
[Source "John Saunders"]
[SourceDate "2021.06.05"]
[SourceVersion "1"]
[SourceVersionDate "2021.06.05"]
[SourceQuality "1"]
[TimeControl "40/100:0"]
[WhiteClock "0:01:53"]
[BlackClock "0:22:56"]

1. d4 Nf6 2. c4 g6 3. Nc3 Bg7 4. e4 d6 5. h3 O-O 6. Be3 Nc6 7. d5 Ne5 8. f4 Ned7 9. Bd3 e5 10. dxe6 fxe6 11. Nge2 b6 12. O-O Qe7 13. Qd2 Bb7 14. Bc2 Nc5 15. Ng3 a5 16. Rae1 Nfd7 17. b3 Qh4 18. Nge2 Nf6 19. Bf2 Qh6 20. Be3 Ncxe4 21. Nxe4 Nxe4 22. Bxe4 Bxe4 23. f5 Qh5 24. Ng3 Qh4 25. Nxe4 Qxe4 26. Rf4 Qc6 27. fxe6 Rxf4 28. Bxf4 Qc5+ 29. Be3 Qf5 30. Qd5 Re8 31. Qc6 Rxe6 32. Qxc7 Bd4 33. Qc8+ Kf7 34. Qd7+ Re7 35. Qxe7+ Kxe7 36. Bxd4+ Kd7 37. Bxb6 Qc2 38. Ra1 a4 39. bxa4 Qb2 0-1

[Event "Gibraltar Masters 18th"]
[Site "Gibraltar"]
[Date "2020.01.28"]
[Round "8.11"]
[White "Ibarra Jerez, Jose Carlos"]
[Black "Jones, Gawain C B"]
[Result "1/2-1/2"]
[ECO "B23"]
[WhiteElo "2548"]
[BlackElo "2679"]
[PlyCount "60"]
[EventDate "2020.01.21"]
[EventType "swiss"]
[EventRounds "10"]
[EventCountry "GGB"]
[SourceTitle "BritBase"]
[Source "John Saunders"]
[SourceDate "2021.06.05"]
[SourceVersion "1"]
[SourceVersionDate "2021.06.05"]
[SourceQuality "1"]
[TimeControl "40/100:0"]
[WhiteClock "0:33:35"]
[BlackClock "0:32:02"]

1. e4 c5 2. Nc3 Nc6 3. Bb5 Nd4 4. Nf3 a6 5. Bd3 g6 6. Nxd4 cxd4 7. Ne2 d5 8. e5 f6 9. f4 fxe5 10. fxe5 Bg7 11. Nxd4 Nh6 12. Nf3 Ng4 13. Be2 Nxe5 14. Nxe5 Bxe5 15. d4 Bg7 16. O-O Bf5 17. c3 O-O 18. Bf4 Be4 19. Qd2 Qb6 20. Be3 Qd6 21. Bf4 e5 22. dxe5 Bxe5 23. Bxe5 Qxe5 24. Rxf8+ Rxf8 25. Rf1 Rxf1+ 26. Bxf1 Kf7 27. Qf2+ Qf6 28. Qxf6+ Kxf6 29. Kf2 Ke5 30. Ke3 a5 1/2-1/2

[Event "Gibraltar Masters 18th"]
[Site "Gibraltar"]
[Date "2020.01.28"]
[Round "8.12"]
[White "Werle, Jan"]
[Black "Saric, Ivan"]
[Result "1/2-1/2"]
[ECO "D11"]
[WhiteElo "2545"]
[BlackElo "2655"]
[PlyCount "67"]
[EventDate "2020.01.21"]
[EventType "swiss"]
[EventRounds "10"]
[EventCountry "GGB"]
[SourceTitle "BritBase"]
[Source "John Saunders"]
[SourceDate "2021.06.05"]
[SourceVersion "1"]
[SourceVersionDate "2021.06.05"]
[SourceQuality "1"]
[TimeControl "40/100:0"]
[WhiteClock "0:17:05"]
[BlackClock "0:38:06"]

1. d4 d5 2. c4 c6 3. Nf3 Nf6 4. e3 Bg4 5. Qb3 Qb6 6. Ne5 Bf5 7. cxd5 Qxb3 8.
axb3 Nxd5 9. Bd3 Bxd3 10. Nxd3 e6 11. Bd2 Nd7 12. Na3 Nc7 13.
Ke2 Be7 14. Rhc1 O-O 15. b4 a6 16. Nc5 Nxc5 17. bxc5 f6 18.
Nc4 Nb5 19. f3 Rf7 20. Be1 e5 21. Nb6 Re8 22. d5 cxd5 23. Nxd5 Na7 24. e4 Nc6 25. Bf2 f5 26. exf5 Rxf5 27. Rc4 Bf8 28. Rd1 Rd8 29. Nc3 Rxd1 30. Kxd1 Rf7 31. Ke2 Rd7 32. Ne4 Be7 33. g4 Kf7 34. h4 1/2-1/2

[Event "Gibraltar Masters 18th"]
[Site "Gibraltar"]
[Date "2020.01.28"]
[Round "8.13"]
[White "Gukesh, Dommaraju"]
[Black "Adhiban, Baskaran"]
[Result "1/2-1/2"]
[ECO "D32"]
[WhiteElo "2542"]
[BlackElo "2654"]
[PlyCount "130"]
[EventDate "2020.01.21"]
[EventType "swiss"]
[EventRounds "10"]
[EventCountry "GGB"]
[SourceTitle "BritBase"]
[Source "John Saunders"]
[SourceDate "2021.06.05"]
[SourceVersion "1"]
[SourceVersionDate "2021.06.05"]
[SourceQuality "1"]
[TimeControl "40/100:0"]
[WhiteClock "0:02:07"]
[BlackClock "0:41:30"]

1. d4 d5 2. c4 e6 3. Nc3 c5 4. cxd5 cxd4 5. Qa4+ Bd7 6. Qxd4 exd5 7. Qe5+ Be6 8. e4 Nc6 9. Bb5 dxe4 10. Bg5 Qd7 11. Qxe4 Be7 12. Rd1 Qc8 13. Nf3 Nf6 14. Bxf6 Bxf6 15. Nd5 Bd8 16. Nf4 O-O 17. Nxe6 Qxe6 18. Qxe6 fxe6 19. Bxc6 bxc6 20. Ne5 Bf6 21.
Nd7 Rfc8 22. Nxf6+ gxf6 23. Rd6 Kf7 24. Rd7+ Kg6 25. Kd2 Rd8 26. Rxd8 Rxd8+ 27. Kc2 Kf5 28. Re1 Rd4 29. Re3 Rf4 30. f3 Rh4 31. h3 e5 32. Rc3 Kf4 33. Rxc6 f5 34. Rf6 Kg5 35. Rf7 a5 36.
Rg7+ Kf6 37. Ra7 a4 38. Ra6+ Kg5 39. Ra5 Rc4+ 40. Kd3 Rd4+ 41. Kc3 Kf4 42. Ra7 Kg3 43. Rg7+ Kf2 44. b4 axb3 45. axb3 Rf4 46. Kd2 h5 47. Rg8 h4 48. Rg5 e4 49. fxe4 fxe4 50. Re5 Kxg2 51. Ke3 Rf3+ 52. Ke2 Rxb3 53. Rxe4 Rb2+ 54. Ke1 Kxh3 55. Kf1 Kg3 56. Re3+ Kh2 57. Rf3 Rb1+ 58. Kf2 Rb7 59. Rf8 Rg7 60. Rf6 Rg2+ 61. Kf1 h3 62. Rf8 Rg1+ 63. Kf2 Rg2+ 64. Kf1 Rg1+ 65. Kf2 Rg2+ 1/2-1/2

[Event "Gibraltar Masters 18th"]
[Site "Gibraltar"]
[Date "2020.01.28"]
[Round "8.14"]
[White "Donchenko, Alexander"]
[Black "Sanal, Vahap"]
[Result "1/2-1/2"]
[ECO "E01"]
[WhiteElo "2647"]
[BlackElo "2569"]
[PlyCount "94"]
[EventDate "2020.01.21"]
[EventType "swiss"]
[EventRounds "10"]
[EventCountry "GGB"]
[SourceTitle "BritBase"]
[Source "John Saunders"]
[SourceDate "2021.06.05"]
[SourceVersion "1"]
[SourceVersionDate "2021.06.05"]
[SourceQuality "1"]
[TimeControl "40/100:0"]
[WhiteClock "0:36:08"]
[BlackClock "0:48:30"]

1. d4 Nf6 2. c4 e6 3. g3 c5 4. Nf3 cxd4 5. Nxd4 d5 6. Bg2 e5 7. Nf3 d4 8. O-O Nc6 9. e3 Be7 10. exd4 exd4 11. Bf4 Be6 12. Ne5 Rc8 13. Re1 O-O 14. Nd2 d3 15. Nxc6 bxc6 16. Nf3 Bc5 17. Be3 Bxe3 18. Rxe3 Bxc4 19. Ne5 Bd5 20. Qxd3 Qb6 21. Re2 Rfe8 22. Qc3 Qa6 23. Ree1 h6 24. b3 Re7 25. Nd3 Rxe1+ 26. Nxe1 Qe2 27. Bxd5 Nxd5 28. Qc2 Qxc2 29. Nxc2 Nc3 30. Kf1 c5 31. Ne3 Rd8 32. Ke1 Rd3 33. Nd1 Kf8 34. Nxc3 Rxc3 35. Kd2 Rf3 36. Ke2 Rc3 37. Kd2 Rf3 38. Rf1 a5 39. Ke2 Rc3 40. Kd2 Rf3 41. Ke2 Rc3 42. Rd1 c4 43. bxc4 Rxc4 44. Rd3 Rc2+ 45. Rd2 Rc3 46. Rd3 Rc2+ 47. Rd2 Rc3 1/2-1/2

[Event "Gibraltar Masters 18th"]
[Site "Gibraltar"]
[Date "2020.01.28"]
[Round "8.15"]
[White "Abdumalik, Zhansaya"]
[Black "Narayanan, SL."]
[Result "1/2-1/2"]
[ECO "B90"]
[WhiteElo "2471"]
[BlackElo "2637"]
[PlyCount "68"]
[EventDate "2020.01.21"]
[EventType "swiss"]
[EventRounds "10"]
[EventCountry "GGB"]
[SourceTitle "BritBase"]
[Source "John Saunders"]
[SourceDate "2021.06.05"]
[SourceVersion "1"]
[SourceVersionDate "2021.06.05"]
[SourceQuality "1"]
[TimeControl "40/100:0"]
[WhiteClock "0:38:16"]
[BlackClock "0:22:15"]

1. e4 c5 2. Nf3 d6 3. d4 cxd4 4. Nxd4 Nf6 5. Nc3 a6 6. h3 e5 7. Nde2 h5 8. g3 Be7 9. Bg2 b5 10. Nd5 Nxd5 11. Qxd5 Ra7 12. Be3 Rb7 13. O-O Nd7 14. Qd2 O-O 15. Nc3 Nf6 16. a3 Be6 17. Rfd1 h4 18.
g4 Nh7 19. Nd5 Bxd5 20. Qxd5 Rb8 21. Rd2 Ng5 22. Bxg5 Bxg5 23. Rd3 Rb6 24. Rad1 Qb8 25. Rc3 g6 26. Bf1 Kg7 27. b4 Qa7 28. Rf3 Rc8 29. c4 bxc4 30. Bxc4 Bf4 31. Kg2 Rbc6 32. Bb3 R8c7 33. Ba4 Rb6 34. Bb3 Rbc6 1/2-1/2